 Dungeon Crawl Stone Soup version 0.22.1-1-ga44c0e5 (webtiles) character file.

110 empire the Slasher (level 4, 0/39 HPs)
             Began as a Minotaur Fighter on Oct 31, 2018.
             Slain by a gnoll
             ... wielding a +0 halberd
              (13 damage)
             ... on level 3 of the Dungeon.
             The game lasted 00:03:14 (1844 turns).

empire the Slasher (Minotaur Fighter)               Turns: 1844, Time: 00:03:15

Health: 0/39       AC:  6    Str: 22    XL:     4   Next: 61%
Magic:  3/3        EV:  7    Int:  5    God:
Gold:   77         SH:  9    Dex:  9    Spells: 3/3 levels left

rFire    . . .     SeeInvis .   a - +0 long sword
rCold    . . .     Gourm    .   c - +0 shield
rNeg     . . .     Faith    .   b - +0 scale mail
rPois    .         Spirit   .   (helmet restricted)
rElec    .         Reflect  .   (no cloak)
rCorr    .         Harm     .   (no gloves)
MR       .....                  (no boots)
Stlth    ..........             (no amulet)
HPRegen  0.13/turn              (no ring)
MPRegen  0.08/turn              (no ring)

@: no status effects
A: retaliatory headbutt, horns 2
a: no special abilities


You were on level 3 of the Dungeon.
You were not hungry.

You visited 1 branch of the dungeon, and saw 3 of its levels.

You collected 77 gold pieces.

Inventory:

Hand Weapons
 a - a +0 long sword (weapon)
Armour
 b - a +0 scale mail (worn)
 c - a +0 shield (worn)
Jewellery
 p - an uncursed ring of resist corrosion {unknown}
Scrolls
 e - 4 scrolls of identify {unknown}
 g - 2 scrolls of teleportation {unknown}
 j - 2 scrolls of random uselessness {unknown}
 k - a scroll of magic mapping {unknown}
 m - a scroll of enchant weapon {unknown}
Potions
 d - 2 potions of might
 i - a potion of curing {unknown}
 l - a potion of degeneration {unknown}
 n - a potion of lignification {unknown}
 o - 2 potions of mutation {unknown}
Comestibles
 f - 4 rations
 h - 9 chunks of flesh


   Skills:
 - Level 3.6 Fighting
 * Level 6.0 Long Blades
 - Level 3.6 Armour
 - Level 3.6 Shields


You had 3 spell levels left.
You didn't know any spells.
Your spell library was empty.

Dungeon Overview and Level Annotations

Branches:
Dungeon (3/15)

Altars:
Nemelex Xobeh
Trog


Innate Abilities, Weirdness & Mutations

You reflexively headbutt those who attack you in melee.
You have a pair of horns on your head.


Message History

You block the gnoll's attack. The gnoll barely misses you.
Your shield and scale mail prevent you from hitting the giant cockroach.
Your headbutt misses the giant cockroach.
The gnoll closely misses you. You block the giant cockroach's attack.
You closely miss the giant cockroach.
The gnoll hits you from afar with a halberd.
You block the giant cockroach's attack. The leopard gecko bites you.
You block the gnoll's attack. The gnoll closely misses you.
You barely miss the giant cockroach. You block the leopard gecko's attack.
The giant cockroach bites you but does no damage.
The gnoll hits you from afar with a halberd.
The gnoll hits you from afar with a spear.
The gnoll hits you from afar with a halberd.
The giant cockroach bites you but does no damage.
The leopard gecko bites you but does no damage.
You block the gnoll's attack. x2
The leopard gecko bites you but does no damage.
You block the giant cockroach's attack.
The gnoll hits you from afar with a halberd!
You die...

.....#....#...
....(.....##.# #.#
..........##.# #.# .
...#.#....รท..###.##s.
.....#....#.........
..######.........## ..
##....##...g..# ##
#....###...g.s#######
#..........^.gl@.......
#......####<...g.####.##
.....### #..........
...## #......#### ...
#........# ..
.....#......# .
..############


You could see 4 gnolls, a leopard gecko and a giant cockroach.

Vanquished Creatures
  Natasha (D:3)
  2 adders
  An ooze (D:1)
  3 worms
  A dart slug (D:2)
  2 leopard geckos
  A giant cockroach (D:1)
  8 goblins
  4 hobgoblins
  2 jackals (D:1)
  A ball python (D:1)
  8 bats
  3 frilled lizards
  5 kobolds
  10 rats
52 creatures vanquished.

Notes
Turn   | Place    | Note
-------+----------+-------------------------------------------
     0 | D:1      | empire the Minotaur Fighter began the quest for the Orb.
     0 | D:1      | Reached XP level 1. HP: 19/19 MP: 0/0
    86 | D:1      | Reached skill level 3 in Long Blades
   160 | D:1      | Reached XP level 2. HP: 26/26 MP: 1/1
   637 | D:1      | Found a sparkling altar of Nemelex Xobeh.
   825 | D:1      | Reached skill level 4 in Long Blades
  1085 | D:2      | Reached XP level 3. HP: 31/31 MP: 2/2
  1245 | D:2      | Found a faded altar of an unknown god.
  1574 | D:2      | Reached skill level 5 in Long Blades
  1632 | D:2      | Found a bloodstained altar of Trog.
  1675 | D:2      | Reached XP level 4. HP: 39/39 MP: 3/3
  1750 | D:3      | Noticed Natasha
  1758 | D:3      | Killed Natasha
  1812 | D:3      | Reached skill level 6 in Long Blades
  1844 | D:3      | Slain by a gnoll

Skill      XL: |  1  2  3  4 |
---------------+-------------+-----
Long Blades    | 3 4 5 6 |  6.0
Fighting       | |  3.6
Armour         | |  3.6
Shields        | |  3.6

Action                   |  1- 3 |  4- 6 || total
-------------------------+-------+-------++-------
Melee: Long sword        |   101 |    21 ||   122
       Headbutt          |    15 |     2 ||    17
  Eat: Chunk             |     3 |       ||     3
Armor: Scale mail        |    50 |    12 ||    62
Dodge: Dodged            |    32 |     8 ||    40
Block: Shield            |    59 |    15 ||    74
       Rpst.: Long sword |     7 |     3 ||    10
